 Dungeon Crawl Stone Soup version 0.25-a0-308-geac7954 (webtiles) character file.

Game seed: 8705541099307893787, levelgen mode: deterministic

14702 Dietz the Destroyer (level 11, -2/74 HPs)
             Began as a Yellow Draconian Conjurer on Dec 22, 2019.
             Was a Priest of Vehumet.
             Slain by a basilisk (4 damage)
             ... on level 3 of the Lair of Beasts.
             The game lasted 00:45:36 (15040 turns).

Dietz the Destroyer (Yellow Draconian Conjurer)    Turns: 15040, Time: 00:45:36

Health: -2/74      AC: 10    Str: 12    XL:     11   Next: 92%
Magic:  16/25      EV: 12    Int: 18    God:    Vehumet [***...]
Gold:   685        SH:  0    Dex: 15    Spells: 3/30 levels left

rFire    . . .     SeeInvis .   a - +1 lajatang (vamp)
rCold    + . .     Gourm    +   (shield currently unavailable)
rNeg     . . .     Faith    .   (armour unavailable)
rPois    .         Spirit   .   O - +2 hat
rElec    .         Reflect  .   I - scarf {cloud immunity}
rCorr    +         Harm     .   (no gloves)
MR       .....                  j - +0 pair of boots
Stlth    ++........             E - amulet of the gourmand
HPRegen  0.22/turn              (no ring)
MPRegen  0.19/turn              L - ring of Aceeqeiq {rC+ Dex+4}

@: no status effects
A: spit acid, unfitting armour, cold-blooded, acid resistance, AC +7
a: Breathe Acid, Renounce Religion


You were on level 3 of the Lair of Beasts.
You worshipped Vehumet.
Vehumet was most pleased with you.
You were full.

You visited 3 branches of the dungeon, and saw 15 of its levels.

You collected 685 gold pieces.

Inventory:

Hand Weapons
 a - a +1 vampiric lajatang (weapon)
 b - a +4 quarterstaff of chaos
 M - a +0 whip of freezing
Missiles
 l - 8 boomerangs of dispersal (quivered)
Armour
 j - a +0 pair of boots (worn)
 A - a +1 cloak of magic resistance
 I - a scarf of cloud immunity (worn)
 O - a +2 hat (worn)
Magical Staves
 N - an uncursed staff of wizardry
Jewellery
 m - a +3 ring of dexterity
 x - an uncursed ring of wizardry
 E - an amulet of the gourmand (around neck)
 L - the ring of Aceeqeiq (right hand) {rC+ Dex+4}
   (You found it on level 9 of the Dungeon)

   [ring of protection from cold]

   It affects your dexterity (+4).
   It protects you from cold.
Wands
 h - a wand of paralysis (7)
 o - a wand of iceblast (13)
 r - a wand of scattershot (4)
 s - a wand of disintegration (9)
 B - a wand of flame (68)
Scrolls
 c - a scroll of torment {unknown}
 d - 7 scrolls of remove curse
 f - 2 scrolls of enchant weapon {unknown}
 g - 2 scrolls of fog
 i - a scroll of fear {unknown}
 k - 3 scrolls of teleportation
 n - 3 scrolls of blinking {unknown}
 p - 5 scrolls of immolation
 q - 5 scrolls of amnesia {unknown}
 t - 8 scrolls of magic mapping
 D - 4 scrolls of identify
 J - a scroll of silence {unknown}
 Q - a scroll of enchant armour {unknown}
Potions
 e - a potion of agility
 u - 2 potions of flight
 w - a potion of degeneration {unknown}
 z - 2 potions of brilliance
 C - a potion of cancellation {unknown}
 G - a potion of magic
 H - a potion of lignification {unknown}
 P - a potion of curing
Miscellaneous
 K - a fan of gales
Comestibles
 y - 26 rations


   Skills:
 + Level 8.1 Staves
 - Level 1.7 Dodging
 - Level 1.7 Stealth
   Level 4.0 Shields
 - Level 10.1 Spellcasting
 + Level 13.6 Conjurations


You had 3 spell levels left.
You knew the following spells:

 Your Spells              Type           Power        Failure   Level  Hunger
a - Magic Dart            Conj           ####         1%          1    None
b - Searing Ray           Conj           ######       1%          2    None
c - Dazzling Flash        Conj/Hex       ####..       1%          3    None
d - Iskenderun's Mystic   Conj/Tloc      ####....     1%          4    ###....
e - Fulminant Prism       Conj/Hex       ####......   1%          4    ###....
f - Fireball              Conj/Fire      ####......   4%          5    #####..
g - Sticky Flame          Conj/Fire      ####....     1%          4    ###....
h - Hailstorm             Conj/Ice       ####....     1%          4    ###....

Your spell library contained the following spells:

 Spells                   Type           Power        Failure   Level  Hunger
 Ignite Poison            Fire/Tmut/Pois #.......     7%          3    None
 Foxfire                  Conj/Fire      ####         1%          1    None
 Conjure Flame            Conj/Fire      ####....     1%          3    None
 Freeze                   Ice            #...         2%          1    None
 Inner Flame              Hex/Fire       #.......     7%          3    None
 Ozocubu's Armour         Chrm/Ice       #.......     24%         3    None
 Summon Ice Beast         Ice/Summ       #.......     61%         4    ###....


Dungeon Overview and Level Annotations

Branches:
Dungeon (11/15)            Temple (1/1) D:6            Lair (3/6) D:10
  Swamp: Lair:2-4    Shoals: Lair:2-4     Snake: Lair:2-4    Spider: Lair:2-4
    Orc: D:9-12

Altars:
Ashenzari
Cheibriados
Gozag
Hepliaklqana
Makhleb
Nemelex Xobeh
Ru
Sif Muna
Trog
Vehumet
Xom
Zin
The Shining One

Annotations:
D:5 Prince Ribbit
D:8 1 runed translucent door, daftaero's ghost, novice HaSk
Lair:1 3 runed translucent doors, meowmixalot's ghost, journeyman BaFi


Innate Abilities, Weirdness & Mutations

You can spit globs of acid.
Your golden yellow scales are hard. (AC +7)
You cannot fit into any form of body armour.
You are cold-blooded and may be slowed by cold attacks.
You are resistant to acid. (rCorr)


Message History

Press: ? - help, Shift-Dir - straight line, f - basilisk
Aim: a basilisk The searing ray misses the basilisk. (Press . to maintain the ray.)
The blink frog hits you but does no damage.
The basilisk bites you! The blink frog hits you.
* * * LOW HITPOINT WARNING * * *
The searing ray hits the basilisk.
The basilisk is lightly wounded.
The blink frog barely misses you. The basilisk bites you!
* * * LOW HITPOINT WARNING * * *
The searing ray hits the basilisk!
The basilisk is moderately wounded.
The blink frog closely misses you. The basilisk misses you.
The searing ray hits the basilisk!
The basilisk is severely wounded.
You finish channeling your searing ray.
The blink frog hits you!
* * * LOW HITPOINT WARNING * * *
The basilisk bites you.
You die...

####. ###
#.#..####..###
#.......<....#
#............
#...........#
#...........#
#....l......#
#....@F..†.[#
#............#
###..#.######.
###.## #


You could see a basilisk and a blink frog.

Vanquished Creatures
  Gastronok (Lair:1)
  A hydra (D:9)
  A centaur warrior (D:9)
  A two-headed ogre (D:9)
  An unseen horror (D:10)
  Pikel (D:4)
  An ugly thing (D:10)
  A black mamba (Lair:1)
  Joseph (D:9)
  A spiny frog (Lair:1)
  A rime drake (Lair:1)
  A hornet (D:10)
  4 blink frogs (Lair:3)
  2 dream sheep (D:9)
  2 hippogriffs
  6 yaks
  Grum (D:8)
  Menkaure (D:6)
  2 porcupines (Lair:2)
  2 water moccasins
  An orc warrior (D:8)
  A phantom (D:5)
  2 sky beasts
  An ice beast (D:6)
  A slave (D:4)
  7 wolves
  A necrophage (D:6)
  7 crocodiles
  5 ogres
  5 centaurs
  4 big kobolds
  Blork the orc (D:4)
  11 bullfrogs
  A wyvern zombie (D:8)
  A scorpion (D:9)
  7 wights
  3 electric eels (Lair:1)
  A howler monkey (D:4)
  5 crimson imps
  A centaur zombie (D:9)
  4 bullfrog skeletons
  2 hounds
  3 orc priests
  3 jellies
  8 orc wizards
  Crazy Yiuf (D:5)
  2 centaur skeletons
  Ijyb (D:4)
  Natasha (D:4)
  7 worker ants
  A killer bee zombie (D:8)
  A hound zombie (D:8)
  2 hound skeletons
  A howler monkey zombie (D:9)
  Robin (D:3)
  A worker ant zombie (D:8)
  3 gnolls (D:6)
  10 adders
  2 shadow imps
  An ooze (D:1)
  An adder skeleton (D:4)
  An adder zombie (D:9)
  2 worms
  4 dart slugs
  3 leopard geckos
  32 orcs
  2 ball pythons (D:1)
  6 giant cockroaches
  19 goblins
  12 hobgoblins
  10 jackals
  4 quokkas
  11 bats
  8 frilled lizards
  6 kobolds
  A leopard gecko skeleton (D:8)
  A quokka skeleton (D:7)
  15 rats
  A fungus (D:5)
292 creatures vanquished.

Vanquished Creatures (others)
  Natasha (D:4)
  5 fulminant prisms
6 creatures vanquished.

Grand Total: 298 creatures vanquished

Notes
Turn   | Place    | Note
-------+----------+-------------------------------------------
     0 | D:1      | Dietz the Draconian Conjurer began the quest for the Orb.
     0 | D:1      | Reached XP level 1. HP: 14/14 MP: 3/3
   476 | D:1      | Reached XP level 2. HP: 20/20 MP: 5/5
   481 | D:1      | Learned a level 2 spell: Searing Ray
   936 | D:1      | Reached skill level 5 in Conjurations
   936 | D:1      | Reached XP level 3. HP: 17/26 MP: 3/6
  1672 | D:2      | Found a snail-covered altar of Cheibriados.
  1924 | D:2      | Reached XP level 4. HP: 33/33 MP: 4/7
  1966 | D:2      | Learned a level 3 spell: Dazzling Flash
  2030 | D:2      | Found a sacrificial altar of Ru.
  2605 | D:3      | Reached skill level 6 in Conjurations
  2630 | D:3      | Reached XP level 5. HP: 10/38 MP: 1/8
  3017 | D:3      | Noticed Robin
  3034 | D:3      | Killed Robin
  3198 | D:3      | Noticed an ogre
  3207 | D:3      | Killed an ogre
  3207 | D:3      | Reached XP level 6. HP: 36/45 MP: 1/11
  3376 | D:3      | Found a hazy altar of Hepliaklqana.
  3530 | D:3      | Found a bloodstained altar of Trog.
  3532 | D:3      | Found a shimmering blue altar of Sif Muna.
  3532 | D:3      | Found a sparkling altar of Nemelex Xobeh.
  4049 | D:4      | Reached skill level 7 in Conjurations
  4084 | D:4      | Learned a level 4 spell: Iskenderun's Mystic Blast
  4098 | D:4      | Noticed Ijyb
  4105 | D:4      | Killed Ijyb
  4157 | D:4      | Noticed a slave
  4157 | D:4      | Noticed a slave
  4169 | D:4      | Killed a slave
  4213 | D:4      | Noticed Pikel
  4224 | D:4      | Killed Pikel
  4224 | D:4      | Reached skill level 5 in Spellcasting
  4224 | D:4      | Reached skill level 8 in Conjurations
  4224 | D:4      | Your scales start taking on a golden yellow colour.
  4224 | D:4      | Reached XP level 7. HP: 28/50 MP: 2/14
  4224 | D:4      | Gained mutation: You are resistant to acid. (rCorr) [Yellow
                  | Draconian growth]
  4368 | D:4      | Noticed Natasha
  4373 | D:4      | Killed Natasha
  4384 | D:4      | Noticed Blork the orc
  4394 | D:4      | Killed Blork the orc
  4486 | D:4      | Killed Natasha
  4581 | D:4      | Reached XP level 8. HP: 47/57 MP: 11/16
  4851 | D:5      | Entered Level 5 of the Dungeon
  5122 | D:5      | Noticed Prince Ribbit
  5591 | D:5      | Found a runed translucent door.
  5592 | D:5      | Noticed Crazy Yiuf
  5598 | D:5      | Killed Crazy Yiuf
  5598 | D:5      | Reached skill level 9 in Conjurations
  5772 | D:6      | Noticed Menkaure
  5777 | D:6      | Killed Menkaure
  6129 | D:6      | Found a staircase to the Ecumenical Temple.
  6143 | Temple   | Entered the Ecumenical Temple
  6169 | Temple   | Became a worshipper of Vehumet
  6355 | D:6      | Learned a level 4 spell: Fulminant Prism
  6458 | D:6      | Reached XP level 9. HP: 62/62 MP: 15/19
  6599 | D:6      | Reached skill level 10 in Conjurations
  7198 | D:7      | Reached skill level 1 in Shields
  7409 | D:7      | Reached * piety under Vehumet
  7409 | D:7      | Offered knowledge of Shock by Vehumet.
  8005 | D:8      | Found a runed translucent door.
  8005 | D:8      | Found a shimmering altar of Xom.
  8005 | D:8      | Noticed a +0 whip of chaos
  8005 | D:8      | Noticed daftaero's ghost (novice HaSk)
  8056 | D:8      | Noticed Grum
  8072 | D:8      | HP: 2/62 [Grum/-1 glaive of protection (15)]
  8486 | D:8      | Killed Grum
  8935 | D:9      | Reached XP level 10. HP: 63/69 MP: 12/22
  8947 | D:9      | Noticed a centaur warrior
  8968 | D:9      | Noticed Joseph
  8976 | D:9      | Killed a centaur warrior
  8976 | D:9      | Reached skill level 11 in Conjurations
  8991 | D:9      | Killed Joseph
  9156 | D:9      | Got a flickering turquoise ring
  9157 | D:9      | Identified the ring of Aceeqeiq {rC+ Dex+4} (You found it
                  | on level 9 of the Dungeon)
  9213 | D:9      | Reached ** piety under Vehumet
  9242 | D:9      | Found a shattered altar of Ashenzari.
  9321 | D:9      | Offered knowledge of Sandblast by Vehumet.
  9328 | D:9      | Reached skill level 1 in Staves
  9343 | D:9      | Noticed a two-headed ogre
  9348 | D:9      | Killed a two-headed ogre
 10074 | D:9      | Noticed a two-headed hydra
 10080 | D:9      | Killed a two-headed hydra
 10080 | D:9      | Reached skill level 10 in Spellcasting
 10080 | D:9      | Reached skill level 12 in Conjurations
 10236 | D:9      | Reached XP level 11. HP: 67/74 MP: 25/25
 10243 | D:9      | Found a bloodstained altar of Trog.
 10274 | D:10     | Entered Level 10 of the Dungeon
 10287 | D:10     | Found a staircase to the Lair.
 11030 | D:10     | Learned a level 5 spell: Fireball
 11382 | D:10     | Noticed a white ugly thing
 11392 | D:10     | Killed a white ugly thing
 11712 | D:10     | Paralysed by a centaur for 6 turns
 11718 | D:10     | Offered knowledge of Ignite Poison by Vehumet.
 11729 | D:10     | HP: 3/74 [something (10)]
 11931 | D:10     | Reached skill level 5 in Staves
 11937 | D:10     | Learned a level 4 spell: Sticky Flame
 12242 | D:10     | Noticed an unseen horror
 12245 | D:10     | Killed an unseen horror
 12281 | D:10     | Learned a level 4 spell: Hailstorm
 12337 | D:11     | Noticed a seven-headed hydra
 12405 | Lair:1   | Entered Level 1 of the Lair of Beasts
 12434 | Lair:1   | Found a runed translucent gate.
 12434 | Lair:1   | Found a runed translucent gate.
 12436 | Lair:1   | Found a runed translucent gate.
 12441 | Lair:1   | Noticed meowmixalot's ghost (journeyman BaFi)
 12757 | Lair:1   | Noticed Gastronok
 12777 | Lair:1   | Killed Gastronok
 12960 | Lair:1   | Reached skill level 13 in Conjurations
 13018 | Lair:1   | Reached *** piety under Vehumet
 15040 | Lair:3   | HP: 2/74 [blink frog (8)]
 15040 | Lair:3   | Slain by a basilisk

Levels and vault maps discovered:
D:1:      minmay_arrival_arboretum_small, layout_basic
D:2:      layout_basic, kennysheep_slug_shrine, old_standard_altar
D:3:      layout_loops_ring, lemuel_doored_altar,
          chequers_temple_overflow_statue_of_worship, first_ration,
          minmay_misc_feat_four_crosses, st_stairs_11, uniq_robin
D:4:      layout_cave_pools, uniq_natasha, uniq_ijyb, uniq_blork_the_orc,
          uniq_pikel
D:5:      layout_rooms, uniq_prince_ribbit1, uniq_crazy_yiuf_cottage
D:6:      minmay_razor_zed, layout_basic, minmay_temple_entry_mini_moons,
          uniq_menkaure
D:7:      layout_basic
D:8:      layout_loops_ring, ebering_ghost_xom, uniq_grum
D:9:      layout_gridville, hangedman_ranch [blue_anna_fruit_fields],
          hangedman_feature_mirror, minmay_diamond_spiral, uniq_joseph
D:10:     minmay_bubble_buster, layout_layer_cave, lair_entry_dummy
D:11:     layout_long_grid, orc_0_dummy, serial_shops, nicolae_shop_trees,
          minmay_door_square
Temple:   nicolae_temple_elliptical
Lair:1:   layout_gridlike, gammafunk_ghost_split, infiniplex_staircase_pool,
          uniq_gastronok
Lair:2:   layout_cave_pods, grunt_megastairs_2, lemuel_fruit_tree
Lair:3:   layout_roguey

Skill      XL: |  1  2  3  4  5  6  7  8  9 10 11 |
---------------+----------------------------------+-----
Conjurations   | 5 6 8 9 10 12 13 | 13.6
Spellcasting   | 3 5 7 8 10 | 10.1
Shields        | 4 |  4.0
Staves         | 4 8 |  8.1
Dodging        | |  1.7
Stealth        | |  1.7

Action                   |  1- 3 |  4- 6 |  7- 9 | 10-12 || total
-------------------------+-------+-------+-------+-------++-------
Melee: Club              |   124 |   126 |       |       ||   250
       Tailslap          |     6 |     9 |    13 |    14 ||    42
       Whip              |       |       |    71 |    53 ||   124
       Staff             |       |       |       |     3 ||     3
       Lajatang          |       |       |       |    12 ||    12
 Cast: Magic Dart        |    21 |    44 |   189 |    94 ||   348
       Searing Ray       |     5 |    20 |    37 |    56 ||   118
       Iskenderun's Myst |       |       |       |     9 ||     9
       Dazzling Flash    |       |       |       |     7 ||     7
       Fulminant Prism   |       |       |       |     5 ||     5
       Sticky Flame      |       |       |       |     5 ||     5
 Abil: Breathe Acid      |       |       |     1 |     2 ||     3
Evoke: Wand              |       |     1 |     2 |     3 ||     6
  Use: Potion            |       |     1 |       |     8 ||     9
       Scroll            |       |     3 |     2 |     7 ||    12
 Stab: Sleeping          |     4 |     2 |     3 |       ||     9
  Eat: Chunk             |     4 |     9 |    19 |    18 ||    50
       Ration            |       |       |     1 |       ||     1
Armor: Skin              |    62 |    68 |    41 |    66 ||   237
Dodge: Dodged            |   127 |   106 |    89 |   121 ||   443
Block: Buckler           |       |       |       |    17 ||    17

Table legend:
 A = Non-vault XP
 B = Vault XP
 C = Vault XP percentage of total XP
 D = Non-vault monster count
 E = Vault monster count
 F = Vault count percentage of total count
                 A         B        C        D         E       F
            +---------+---------+-------+---------+---------+-------
      Total |   11052 |    9951 |  47.4 |     233 |      57 |  19.7
            +---------+---------+-------+---------+---------+-------
        D:1 |      61 |       0 |   0.0 |      34 |       0 |   0.0
        D:2 |      46 |       4 |   8.0 |      21 |       1 |   4.5
        D:3 |     183 |     163 |  47.1 |      38 |      17 |  30.9
        D:4 |     190 |     823 |  81.2 |      14 |       4 |  22.2
        D:5 |     431 |      39 |   8.3 |       7 |       1 |  12.5
        D:6 |     925 |     494 |  34.8 |      27 |       7 |  20.6
        D:7 |     618 |       0 |   0.0 |      13 |       0 |   0.0
        D:8 |     952 |     539 |  36.2 |      20 |       4 |  16.7
        D:9 |    1834 |    3692 |  66.8 |      16 |      13 |  44.8
       D:10 |     605 |    1856 |  75.4 |      13 |       7 |  35.0
     Lair:1 |    2816 |    2141 |  43.2 |      14 |       1 |   6.7
     Lair:2 |    1248 |     200 |  13.8 |      11 |       2 |  15.4
     Lair:3 |    1143 |       0 |   0.0 |       5 |       0 |   0.0
            +---------+---------+-------+---------+---------+-------
